 Dungeon Crawl Stone Soup version 0.28.0-45-g0d030f2227 (webtiles) character file.

Game seed: 14415729194892001755

149 101zpm the Magician (level 5, -1/35 HPs)
             Began as a Djinni Ice Elementalist on Apr 13, 2022.
             Shot with an arrow by a centaur (9 damage)
             ... on level 4 of the Dungeon.
             The game lasted 00:06:35 (3946 turns).

101zpm the Magician (Djinni Ice Elementalist)       Turns: 3946, Time: 00:06:36

Health: -1/35      AC:  3    Str:  7    XL:     5   Next: 56%
Gold:   88         EV: 12    Int: 18    God:
                   SH:  0    Dex: 14

rFire   + + .      SeeInvis .   (no weapon)
rCold   x . .      Faith    .   (no shield)
rNeg    . . .      Spirit   .   a - +0 robe
rPois   ∞          Reflect  .   (no helmet)
rElec   .          Harm     .   (no cloak)
rCorr   .          Rampage  .   q - +0 pair of gloves
Will    .....                   (boots unavailable)
Stlth   ++........              (no amulet)
HPRegen 0.11/turn               (no ring)
MPRegen 0.00/turn               (no ring)

@: freezing walls, flying
A: sickness immunity, fire resistance 2, cold vulnerability 1, float, innate
caster, HP casting, extra vitality 1
a: no special abilities


You were on level 4 of the Dungeon.
You visited 1 branch of the dungeon, and saw 4 of its levels.

You collected 88 gold pieces.

Inventory:

Armour
 a - a +0 robe (worn)
 q - a +0 pair of gloves (worn)
Scrolls
 c - 2 scrolls of vulnerability
 e - a scroll of enchant armour
 g - a scroll of summoning
 h - a scroll of identify
 i - a scroll of teleportation {unknown}
 j - a scroll of fear {unknown}
 k - a scroll of blinking {unknown}
 p - a scroll of amnesia
Potions
 b - a potion of attraction {unknown}
 d - a potion of might {unknown}
 f - a potion of lignification {unknown}
 l - a potion of berserk rage {unknown}
 m - a potion of curing {unknown}
 n - a potion of mutation {unknown}
 o - a potion of haste {unknown}


   Skills:
 + Level 2.2 Dodging
 + Level 2.0 Stealth
 + Level 4.9 Spellcasting


You couldn't memorise any spells.
You knew the following spells:

 Your Spells              Type           Power      Damage    Failure   Level
a - Freeze                Ice            88%        1d10      1%          1
b - Frozen Ramparts       Ice            44%        1d6       5%          3
c - Ozocubu's Armour      Ice            22%        N/A       5%          3
d - Hailstorm             Conj/Ice       22%        3d7       19%         4
e - Foxfire               Conj/Fire      88%        2x1d8     1%          1
f - Poisonous Vapours     Pois/Air       44%        N/A       2%          2
Your spell library was empty.

Dungeon Overview and Level Annotations

Branches:
Dungeon (4/15)
 Temple: D:4-7

Altars:


Innate Abilities, Weirdness & Mutations

You are immune to sickness and miasma.
You are immune to poison.
Your flesh is very heat resistant. (rF++)
You are vulnerable to cold. (rC-)
You float through the air rather than walking.
You learn spells naturally, not from books.
Your magical power is your life essence.
You have superior vitality. (+4 MHP)


Message History

Casting: Foxfire (safe; 1% risk of failure)
Confirm with . or Enter, or press ? or * to list all spells.
You conjure some foxfire!
Your foxfire dissipates!
Your foxfire dissipates!
Casting: Foxfire (safe; 1% risk of failure)
Confirm with . or Enter, or press ? or * to list all spells.
You conjure some foxfire!
Your foxfire dissipates! x2
Casting: Foxfire (safe; 1% risk of failure)
Confirm with . or Enter, or press ? or * to list all spells.
You conjure some foxfire!
Your foxfire dissipates!
Your foxfire dissipates!
Casting: Foxfire (safe; 1% risk of failure)
Confirm with . or Enter, or press ? or * to list all spells.
You conjure some foxfire!
Your foxfire dissipates!
Casting: Foxfire (safe; 1% risk of failure)
Confirm with . or Enter, or press ? or * to list all spells.
You conjure some foxfire!
Your foxfire dissipates!
You start resting.
Your foxfire dissipates!
You start resting.
A centaur is nearby!
A centaur is nearby!
Casting: Foxfire (safe; 1% risk of failure)
Confirm with . or Enter, or press ? or * to list all spells.
Casting: Frozen Ramparts (dangerous; 5% risk of failure)
Press: ? - help, Dir - look around, f - activate A stone staircase leading up.
The walls around you are covered in ice.
The centaur shouts!
You hear an angry hiss.
You hear a shout!
The centaur shoots an arrow.
The arrow hits you!
The centaur shoots an arrow.
The arrow hits you!
* * * LOW HITPOINT WARNING * * *
Your frozen ramparts will break if you move.
Continue?
The centaur shoots an arrow.
The arrow hits you!
You die...

######..#
#@....#
........####.#
c..######


You could see a centaur.

Vanquished Creatures
  An orc wizard (D:3)
  4 adders
  3 gnolls (D:3)
  A worm (D:2)
  5 orcs (D:3)
  2 ball pythons
  5 endoplasms
  3 giant cockroaches
  A goblin (D:1)
  A hobgoblin (D:2)
  8 jackals
  3 kobolds
  A quokka (D:1)
  4 bats
  A frilled lizard (D:3)
  9 rats
52 creatures vanquished.

Vanquished Creatures (others)
  182 foxfires
182 creatures vanquished.

Grand Total: 234 creatures vanquished

Notes
Turn   | Place    | Note
-------+----------+-------------------------------------------
     0 | D:1      | 101zpm the Djinni Ice Elementalist began the quest for the
                  | Orb.
     0 | D:1      | Reached XP level 1. HP: 15/15 MP: 0/0
   136 | D:1      | Reached XP level 2. HP: 10/21 MP: 0/0
   708 | D:1      | Noticed a floating eye
   711 | D:1      | Found a faded altar of an unknown god.
   713 | D:1      | Noticed a floating eye
   713 | D:1      | Noticed a great orb of eyes
   713 | D:1      | Noticed a floating eye
  1093 | D:2      | Reached XP level 3. HP: 23/25 MP: 0/0
  1093 | D:2      | Learned a level 1 spell: Foxfire
  1098 | D:2      | Reached skill level 4 in Spellcasting
  1649 | D:2      | Reached XP level 4. HP: 20/31 MP: 0/0
  2288 | D:3      | Reached XP level 5. HP: 15/35 MP: 0/0
  2288 | D:3      | Learned a level 2 spell: Poisonous Vapours
  3575 | D:4      | Noticed a centaur
  3946 | D:4      | Shot with an arrow by a centaur

Illustrated notes

Levels and vault maps discovered:
D:1:      minmay_arrival_doors, layout_rooms,
          hellmonk_ecumenical_altar_watching_god
D:2:      layout_basic
D:3:      layout_loops_ring
D:4:      layout_cave_pods

Skill      XL: |  1  2  3  4  5 |
---------------+----------------+-----
Spellcasting   | 4 |  4.9
Stealth        | 2 |  2.0
Dodging        | |  2.2

Action                   |  1- 3 |  4- 6 || total
-------------------------+-------+-------++-------
Melee: Unarmed           |     2 |       ||     2
 Cast: Freeze            |    22 |       ||    22
       Foxfire           |    39 |    92 ||   131
       Frozen Ramparts   |       |     2 ||     2
       Poisonous Vapours |       |     1 ||     1
  Use: Scroll            |       |     4 ||     4
Armor: Robe              |     3 |     2 ||     5
Dodge: Dodged            |    12 |     6 ||    18
